 Dungeon Crawl Stone Soup version 0.29.0-4-gdea44cf6ec (webtiles) character file.

Game seed: 4035830481013867554

359 qw the Chopper (level 6, -5/36 HPs)
             Began as a Tengu Warper on Aug 28, 2022.
             Slain by an ogre
             ... wielding a +0 giant club
              (15 damage)
             ... on level 4 of the Dungeon.
             The game lasted 00:00:20 (4472 turns).

qw the Chopper (Tengu Warper)                       Turns: 4472, Time: 00:00:20

Health: -5/36      AC: 11    Str: 20    XL:     6   Next: 65%
Magic:  10/10      EV:  7    Int: 13    God:
Gold:   188        SH:  0    Dex: 13    Spells: 9/9 levels left

rFire   . . .      SeeInvis .   Y - +0 hand axe
rCold   . . .      Faith    .   (no shield)
rNeg    . . .      Spirit   .   k - +1 plate armour
rPois   .          Reflect  .   (helmet restricted)
rElec   .          Harm     .   (no cloak)
rCorr   .          Rampage  .   (no gloves)
Will    .....                   (boots unavailable)
Stlth   ..........              (no amulet)
HPRegen 0.12/turn               i - +6 ring of strength
MPRegen 0.12/turn               (no ring)

@: flying quickly and evasively, quick
A: beak, talons 3, nimble flight, deterioration 1
a: no special abilities


You were on level 4 of the Dungeon.
You visited 1 branch of the dungeon, and saw 5 of its levels.

You collected 188 gold pieces.


Innate Abilities, Weirdness & Mutations

You have a beak for a mouth.
You have claws for feet.
Your magical nature lets you fly swiftly and evasively.
Your body sometimes deteriorates upon taking damage.


   Skills:
 - Level 2.3 Fighting
 - Level 7.4 Axes
 - Level 1.0 Throwing
 + Level 1.1 Armour
 - Level 2.1 Dodging
 - Level 2.0 Spellcasting
 - Level 2.4 Translocations


You had 9 spell levels left.
You didn't know any spells.
Your spell library contained the following spells:

 Spells                   Type           Power      Damage    Failure   Level
 Blink                    Tloc           14%        N/A       99%         2
 Gell's Gravitas          Tloc           7%         N/A       100%        3
 Lesser Beckoning         Tloc           7%         N/A       100%        3
 Teleport Other           Tloc           7%         N/A       100%        3
 Manifold Assault         Tloc           7%         N/A       100%        5

Inventory:

Hand Weapons
 b - a +0 flail
 Y - a +0 hand axe (weapon)
Armour
 k - a +1 plate armour (worn)
Jewellery
 f - a ring of ice
 i - a +6 ring of strength (left hand)
Scrolls
 a - a scroll of identify
Potions
 h - a potion of might
 j - a potion of curing
 l - 3 potions of mutation

Dungeon Overview and Level Annotations

Branches:
Dungeon (5/15)
 Temple: D:4-7

Altars:
Ashenzari
Dithmenos
Fedhas
Qazlal
Ru
Trog
Uskayaw
Vehumet

Annotations:
D:3 1 transporter, qw's ghost, amateur TeWr


Message History

Done exploring.
(D) Dungeon
Where to? (* - list waypoints, Enter - D:4, ? - help)
What level of the Dungeon? (default 1, ? - help)
There is a stone staircase leading down here.
You fly downwards.
The orc shouts!
The ogre shouts!
The jelly quivers.
You hear a shout!
Found 12 gold pieces.
There is a stone staircase leading up here.
There are monsters nearby!
Existing waypoints: (1) D:4 (2) D:3 Assign waypoint to what number? (0-9, D - delete waypoint) Waypoint 2 re-assigned from D:3 to D:5.
Enter note:
4464 ||| STAIRDANCE The ogre barely misses you.
You fly upwards.
There is a stone staircase leading down here.
You hit the ogre. Your peck misses the ogre.
The ogre is lightly wounded.
You hit the ogre. Your kick misses the ogre.
The ogre is lightly wounded.
The ogre hits you with a +0 giant club!
You hit the ogre. You claw the ogre. You peck the ogre, but do no damage.
The ogre is moderately wounded.
You hit the ogre. You claw the ogre. You peck the ogre, but do no damage.
The ogre is heavily wounded.
The ogre hits you with a +0 giant club!
You hit the ogre. You peck the ogre.
The ogre is heavily wounded.
The ogre barely misses you.
You barely miss the ogre.
The ogre is heavily wounded.
You slash the ogre! You claw the ogre, but do no damage.
The ogre is severely wounded.
The ogre hits you with a +0 giant club!
You die...

######.## ############.# #
#.........##.# #
#####.........##.# #
#.............##.# #
#.###.........##.##### ##### #.#
#.........#......### ....#
#.###..O......#.........
###.######......@...........#.###
#........###.#.........#....#.#
#.###.##.# #.#..............#.# #
#.# #.##.# #.###########..###.# #
#.###.##.# #.# #..###.# #
#.....##.# #.# #......# #
#.###.##.# #.# ##...#### #
#........###<##### ##.....## ##
#.###.###........# ##.......###.


You could see an ogre.

Vanquished Creatures
  Menkaure (D:4)
  An ogre (D:4)
  3 iguanas
  An adder (D:4)
  2 worms
  2 dart slugs
  An orc (D:3)
  7 ball pythons
  5 bats
  9 endoplasms
  3 giant cockroaches
  6 goblins
  5 hobgoblins
  6 quokkas
  6 frilled lizards
  3 kobolds
  3 rats
64 creatures vanquished.

Vanquished Creatures (others)
  2 plants (D:4)
2 creatures vanquished.

Grand Total: 66 creatures vanquished

Notes
Turn   | Place    | Note
-------+----------+-------------------------------------------
     0 | D:1      | qw the Tengu Warper began the quest for the Orb.
     0 | D:1      | Reached XP level 1. HP: 12/12 MP: 4/4
     0 | D:1      | 0 ||| qw: Version: 0.1-a-89-g26bdef1
     0 | D:1      | 0 ||| qw: Game counter: 1323
     0 | D:1      | 0 ||| qw: Always use a shield: true
     0 | D:1      | 0 ||| qw: God list: Okawaru
     0 | D:1      | 0 ||| qw: Allow faded altars: false
     0 | D:1      | 0 ||| qw: Do Orc after D:15 true
     0 | D:1      | 0 ||| qw: Do second Lair branch before Depths: true
     0 | D:1      | 0 ||| qw: Lair rune preference: random
     0 | D:1      | 0 ||| qw: Plans: Normal
     0 | D:1      | 0 ||| PLANNING D:1-11
    22 | D:1      | Reached XP level 2. HP: 11/17 MP: 6/6
   147 | D:1      | Reached skill level 3 in Axes
   858 | D:1      | Reached XP level 3. HP: 21/21 MP: 7/7
  1023 | D:1      | 1023 ||| UPGRADING to +0 ring mail.
  1033 | D:1      | 1033 ||| DROPPING +0 leather armour.
  1034 | D:1      | 1034 ||| UPGRADING to +6 ring of strength.
  1035 | D:1      | 1035 ||| READING 2 scrolls labelled SEZXOTW ZAMEKLE.
  1036 | D:1      | 1036 ||| READING scroll labelled NAMNIYLLIN.
  1037 | D:1      | 1037 ||| DRINKING 2 gluggy clear potions.
  1038 | D:1      | 1038 ||| DROPPING scroll of blinking.
  1039 | D:1      | 1039 ||| DROPPING potion of magic.
  1046 | D:2      | Found a faded altar of an unknown god.
  1047 | D:2      | 1047 ||| Stepping randomly (stuck).
  1245 | D:2      | 1245 ||| Stepping ~*~*~tactically~*~*~ (hiding).
  1246 | D:2      | 1246 ||| Stepping ~*~*~tactically~*~*~ (hiding).
  1256 | D:2      | Reached skill level 4 in Axes
  2026 | D:2      | 2026 ||| READING scroll labelled DARCHO MUONYU.
  2027 | D:2      | 2027 ||| READING scroll labelled YRHAEL RIACALL.
  2028 | D:2      | 2028 ||| READING scroll labelled IRPHEF DEVAG.
  2032 | D:2      | 2032 ||| DRINKING 2 pink potions.
  2033 | D:2      | 2033 ||| DRINKING 2 lumpy cyan potions.
  2033 | D:2      | Gained mutation: Your body sometimes deteriorates upon
                  | taking damage. [potion of mutation]
  2034 | D:2      | 2034 ||| READING 5 scrolls of identify.
  2034 | D:2      | 2034 ||| IDENTIFYING smoky emerald potion
  2035 | D:2      | 2035 ||| READING 4 scrolls of identify.
  2035 | D:2      | 2035 ||| IDENTIFYING brown potion
  2036 | D:2      | 2036 ||| READING 3 scrolls of identify.
  2036 | D:2      | 2036 ||| IDENTIFYING white potion
  2037 | D:2      | 2037 ||| READING 2 scrolls of identify.
  2037 | D:2      | 2037 ||| IDENTIFYING puce potion
  2038 | D:2      | 2038 ||| DROPPING potion of degeneration.
  2039 | D:2      | 2039 ||| DROPPING potion of flight.
  2040 | D:2      | 2040 ||| DROPPING potion of attraction.
  2176 | D:3      | Reached XP level 4. HP: 14/26 MP: 8/8
  2370 | D:3      | Found a hide-covered altar of Uskayaw.
  2491 | D:3      | Noticed an ogre
  2493 | D:3      | Noticed qw's ghost (amateur TeWr)
  2495 | D:3      | Found a transporter.
  2495 | D:3      | Noticed an ogre
  2755 | D:3      | 2755 ||| READING scroll labelled SOMEYH LUSUASCH.
  2756 | D:3      | 2756 ||| READING scroll labelled TINOTOSH JIDEQ.
  2792 | D:4      | 2792 ||| PLANNING SEWER
  2826 | D:4      | Reached skill level 5 in Axes
  3002 | D:4      | Found a stormy altar of Qazlal.
  3002 | D:4      | Found a sacrificial altar of Ru.
  3009 | D:4      | Found a blossoming altar of Fedhas.
  3012 | D:4      | Found a bloodstained altar of Trog.
  3014 | D:4      | Found a broken altar of Ashenzari.
  3026 | D:4      | Found a shadowy altar of Dithmenos.
  3168 | D:4      | Found a radiant altar of Vehumet.
  3178 | D:4      | HP: 4/26 [iguana (6)]
  3180 | D:4      | Gained mutation: Your magical nature lets you fly swiftly
                  | and evasively. [Tengu growth]
  3180 | D:4      | Reached XP level 5. HP: 5/30 MP: 9/9
  3461 | D:4      | 3461 ||| RIP SEWER
  3549 | D:4      | 3549 ||| PLANNING D:1-11
  3774 | D:4      | Noticed Menkaure
  3782 | D:4      | Killed Menkaure
  3783 | D:4      | Reached skill level 6 in Axes
  3783 | D:4      | Reached XP level 6. HP: 10/35 MP: 10/10
  4037 | D:4      | Reached skill level 7 in Axes
  4256 | D:4      | 4256 ||| Stepping ~*~*~tactically~*~*~ (stealth).
  4401 | D:4      | 4401 ||| UPGRADING to +0 scale mail.
  4411 | D:4      | 4411 ||| DROPPING orb of light.
  4412 | D:4      | 4412 ||| UPGRADING to +0 plate armour.
  4422 | D:4      | 4422 ||| DROPPING +0 scale mail.
  4423 | D:4      | 4423 ||| DROPPING +0 ring mail.
  4424 | D:4      | 4424 ||| READING scroll of enchant armour.
  4424 | D:4      | 4424 ||| ENCHANTING +0 plate armour.
  4425 | D:4      | 4425 ||| READING 2 scrolls of identify.
  4425 | D:4      | 4425 ||| IDENTIFYING blue potion
  4426 | D:4      | 4426 ||| DROPPING potion of lignification.
  4462 | D:5      | Entered Level 5 of the Dungeon
  4464 | D:5      | 4464 ||| STAIRDANCE
  4472 | D:4      | Slain by an ogre

Levels and vault maps discovered:
D:1:      dpeg_arrival_tiny_d, layout_rooms
D:2:      layout_basic, nicolae_ecumenical_oubliette, dk_noncrumbling_4,
          nicolae_concentric_dashed_squares_mild, serial_bayou_crossing
D:3:      layout_loops_ring, mainiacjoe_overflow_small_starburst,
          gammafunk_ghost_smash, grunt_decor_mini_mirrors
D:4:      layout_loops_corners, nicolae_overflow_hallway_of_the_gods,
          nicolae_overflow_crystal_walls, gup_sewer_entry_spiral,
          chequers_serial_rivers_room_a, minmay_lizard_king, uniq_menkaure
D:5:      layout_basic, okawaru_trees_2, kennysheep_small_spiral, st_stairs_12,
          uniq_prince_ribbit1

Skill      XL: |  1  2  3  4  5  6 |
---------------+-------------------+-----
Axes           | 3 4 5 6 7 |  7.4
Fighting       | |  2.3
Throwing       | |  1.0
Armour         | |  1.1
Dodging        | |  2.1
Spellcasting   | |  2.0
Translocations | |  2.4

Action                   |  1- 3 |  4- 6 || total
-------------------------+-------+-------++-------
Melee: Hand axe          |    89 |    77 ||   166
       Kick              |    21 |    25 ||    46
       Peck              |     9 |    12 ||    21
       Punch             |     1 |     1 ||     2
Throw: Boomerang         |     7 |       ||     7
  Use: Scroll            |     9 |     4 ||    13
       Potion            |     3 |       ||     3
Armor: Leather armour    |    13 |       ||    13
       Ring mail         |     9 |     2 ||    11
Dodge: Dodged            |    57 |    29 ||    86

Table legend:
 A = Non-vault XP
 B = Vault XP
 C = Vault XP percentage of total XP
 D = Non-vault monster count
 E = Vault monster count
 F = Vault count percentage of total count
                 A         B        C        D         E       F
            +---------+---------+-------+---------+---------+-------
      Total |     298 |     216 |  42.0 |      51 |      13 |  20.3
            +---------+---------+-------+---------+---------+-------
        D:1 |      38 |       0 |   0.0 |      20 |       0 |   0.0
        D:2 |      14 |       0 |   0.0 |       6 |       0 |   0.0
        D:3 |      60 |       0 |   0.0 |      13 |       0 |   0.0
        D:4 |     186 |     216 |  53.7 |      12 |      13 |  52.0
            +---------+---------+-------+---------+---------+-------
